 Dungeon Crawl Stone Soup version 0.18-a0-1225-g5d63bca (webtiles) character file.

53 Duffy the Ruffian (level 3, 0/31 HPs)
             Began as a Draconian Monk on Feb 3, 2016.
             Slain by an orc wizard
             ... wielding a +0 dagger
              (3 damage)
             ... on level 3 of the Dungeon.
             The game lasted 00:01:16 (608 turns).

Duffy the Ruffian (Draconian Monk)                   Turns: 608, Time: 00:01:16

Health: 0/31       AC:  6    Str: 14    XL:     3   Next: 62%
Magic:  3/3        EV: 13    Int: 10    God:
Gold:   20         SH:  0    Dex: 13    Spells: 0 memorised, 2 levels left

rFire  . . .     SeeInvis .       - Unarmed
rCold  . . .     Gourm    .     (armour unavailable)
rNeg   . . .     Faith    .     (no shield)
rPois  .         Spirit   .     (helmet restricted)
rElec  .         Dismiss  .     d - +0 cloak
rCorr  .         Reflect  .     (no gloves)
SustAt .         Harm     .     (no boots)
MR     .....                    (no amulet)
Stlth  ++........               (no ring)
                                (no ring)

@: slowed, very slow, not resistant to hostile enchantments, unstealthy
A: unfitting armour, cold-blooded, AC +5
a: no special abilities


You were on level 3 of the Dungeon.
You were not hungry.

You visited 1 branch of the dungeon, and saw 3 of its levels.

You collected 20 gold pieces.


Innate Abilities, Weirdness & Mutations

Your plain brown scales are hard (AC +5).
Your body does not fit into most forms of armour.
You are cold-blooded and may be slowed by cold attacks.


   Skills:
 - Level 3.2 Fighting
 - Level 2.6 Dodging
 - Level 1.7 Stealth
 + Level 5.4 Unarmed Combat


You had 2 spell levels left.
You didn't know any spells.

Inventory:

Armour
 d - a +0 cloak (worn)
Scrolls
 c - a scroll of immolation {unknown}
 f - a scroll of teleportation {unknown}
 g - a scroll of identify {unknown}
Potions
 b - a potion of magic {unknown}
 e - a potion of mutation {unknown}
 h - a potion of brilliance {unknown}
Comestibles
 a - 2 bread rations

Dungeon Overview and Level Annotations

Branches:
Dungeon (3/15)

Altars:
Qazlal
Xom


Message History

You are too injured to fight recklessly!
You are too injured to fight recklessly!
You are too injured to fight recklessly!
You are too injured to fight recklessly!
You are too injured to fight recklessly!
You are too injured to fight recklessly!
You hit the orc wizard. You tail-slap the orc wizard.
You kill the orc wizard!
Your Unarmed Combat skill increases to level 5!
You have reached level 3!
Your experience leads to an increase in your attributes!
Increase (S)trength, (I)ntelligence, or (D)exterity?
You feel stronger.
Your scales feel tougher.
The orc wizard misses you. x2
You hit the orc wizard.
The orc wizard is lightly wounded.
The orc wizard hits you but does no damage. x2
You barely miss the orc wizard. You tail-slap the orc wizard.
The orc wizard is lightly wounded.
The orc wizard barely misses you. The orc wizard hits you with a dagger.
You hit the orc wizard.
The orc wizard is heavily wounded.
The orc wizard hits you but does no damage.
The orc wizard closely misses you. x2
You hit the orc wizard but do no damage.
The orc wizard is heavily wounded.
The orc wizard misses you. The orc wizard barely misses you.
You hit the orc wizard but do no damage.
The orc wizard is heavily wounded.
The orc wizard hits you with a dagger. The orc wizard closely misses you.
You hit the orc wizard. You tail-slap the orc wizard.
The orc wizard is heavily wounded.
The orc wizard hits you but does no damage.
The orc wizard hits you with a dagger.
You die...

## . .##### ..
.... ... #
..####....
....#####..#......
#...)@o.........
#######.........
###.###..... #...#
#.....
#.####......
#.##.......
##......#
##.......#
#.......##


You could see an orc wizard.

Action                   || total
-------------------------++-------
Melee: Unarmed           ||    68
  Use: Scroll            ||     2
 Stab: Sleeping          ||     1

Notes
Turn   | Place    | Note
--------------------------------------------------------------
     0 | D:1      | Duffy the Draconian Monk began the quest for the Orb.
     0 | D:1      | Reached XP level 1. HP: 19/19 MP: 1/1
   305 | D:1      | Reached XP level 2. HP: 26/26 MP: 2/2
   451 | D:2      | Found a stormy altar of Qazlal.
   538 | D:3      | Found a shimmering altar of Xom.
   602 | D:3      | Reached skill level 5 in Unarmed Combat
   602 | D:3      | Reached XP level 3. HP: 10/31 MP: 3/3
   608 | D:3      | Slain by an orc wizard

Vault maps used:
D:1:      minmay_arrival_glassed_features, serial_bayou_lake_a
D:2:      overflow_temple_1_default, serial_forest, infiniplex_forest_3_way,
          infiniplex_forest_clump_long, infiniplex_forest_lined_room_,
          infiniplex_forest_lined_3_way, infiniplex_forest_clump_curved,
          infiniplex_forest_lined_3_way, infiniplex_forest_lined_ring,
          infiniplex_forest_3_way, infiniplex_forest_lined_2,
          infiniplex_forest_clump_medium, first_bread
D:3:      kennysheep_ying_yang, nicolae_overflow_crystal_walls, uniq_jessica,
          uniq_robin

Vanquished Creatures
  An orc wizard
  A giant gecko
  2 orcs
  3 bats
  A giant cockroach
  3 goblins
  A hobgoblin
  A giant newt
  3 kobolds
  4 rats
20 creatures vanquished.
